 Dungeon Crawl Stone Soup version 0.16-a0-4099-g0be755f (webtiles) character file.

11949 bwiles81 the Geomancer (level 11, -3/68 HPs)
             Began as a Gargoyle Earth Elementalist on Feb 25, 2015.
             Was a High Priest of Okawaru.
             Slain by a yak (11 damage)
             ... on level 3 of the Lair of Beasts.
             The game lasted 01:31:38 (19721 turns).

bwiles81 the Geomancer (GrEE)                      Turns: 19721, Time: 01:31:38

Health: -3/68      AC: 15    Str: 13    XL:     11   Next: 85%
Magic:  25/26      EV: 17    Int: 15    God:    Okawaru [*****.]
Gold:   515        SH:  0    Dex: 13    Spells: 6 memorised, 6 levels left

rFire  . . .     SeeInvis .     H - +6 quarterstaff (speed)
rCold  . . .     Clarity  .     h - +2 leather armour
rNeg   + . .     SustAb   +     (no shield)
rPois  ∞         Gourm    .     (no helmet)
rElec  +         Spirit   .     E - +0 cloak
rCorr  +         Warding  .     (no gloves)
rMut   .         Stasis   .     (no boots)
MR     +....                    w - amulet of resist corrosion
Stlth  +++.......               y - ring of sustain abilities
                                p - ring of protection from magic

@: heroism, somewhat resistant to hostile enchantments, fairly stealthy
A: negative energy resistance 1, electricity resistance, unbreathing,
petrification resistance, rot immunity, AC +7
a: Heroism, Finesse, Renounce Religion


You were on level 3 of the Lair of Beasts.
You worshipped Okawaru.
Okawaru was extremely pleased with you.
You were not hungry.

You visited 3 branches of the dungeon, and saw 13 of its levels.
You also visited: Sewer and Ossuary.

You collected 515 gold pieces.

Inventory:

Hand weapons
 H - a +6 quarterstaff of speed (weapon)
 M - the +5 quarterstaff "Zoaw" {drain, rPois Dex+3}
   (Okawaru gifted it to you on level 1 of the Lair of Beasts)

   A truly terrible weapon, it drains the life of those it strikes.
   It affects your dexterity (+3).
   It protects you from poison.
Missiles
 u - 120 stones (quivered)
Armour
 h - a +2 leather armour (worn)
 C - a +2 robe of cold resistance
 E - a +0 cloak (worn)
Jewellery
 p - a ring of protection from magic (left hand)
 w - an amulet of resist corrosion (around neck)
 y - a ring of sustain abilities (right hand)
Magical devices
 m - a wand of teleportation (4)
 v - a wand of flame (19)
 B - a wand of enslavement (11)
 D - a wand of cold (3)
Scrolls
 c - a scroll of enchant armour
 e - 5 scrolls of fear
 f - 9 scrolls of teleportation
 l - 4 scrolls of remove curse
 q - 4 scrolls of recharging
 A - 2 scrolls of amnesia
 G - a scroll of magic mapping
Potions
 g - a potion of berserk rage {unknown}
 i - 6 potions of curing
 j - 2 potions of agility
 k - 2 potions of cancellation
 n - 3 potions of brilliance
 o - 3 potions of haste
 r - 5 potions of restore abilities
 x - a potion of magic
 z - a potion of resistance
 F - 2 potions of flight
 L - a potion of might
Books
 d - a book of Geomancy

   Spells                             Type                      Level
   a - Sandblast                      Earth                        1
   b - Stoneskin                      Transmutation/Earth          2
   c - Passwall                       Transmutation/Earth          3
   d - Stone Arrow                    Conjuration/Earth            3
   e - Petrify                        Transmutation/Earth          4
   f - Lee's Rapid Deconstruction     Earth                        5
 s - a book of Fire

   Spells                             Type                      Level
   a - Ignite Poison                  Fire/Transmutation           5
   b - Fireball                       Conjuration/Fire             5
   c - Bolt of Fire                   Conjuration/Fire             6
   d - Delayed Fireball               Conjuration/Fire             7
   e - Ring of Flames                 Charms/Fire                  7
 t - a book of Changes

   Spells                             Type                      Level
   a - Beastly Appendage              Transmutation                1
   b - Sticks to Snakes               Transmutation                2
   c - Spider Form                    Transmutation/Poison         3
   d - Ice Form                       Ice/Transmutation            4
   e - Blade Hands                    Transmutation                5
 N - a book of Necromancy

   Spells                             Type                      Level
   a - Pain                           Necromancy                   1
   b - Animate Skeleton               Necromancy                   1
   c - Vampiric Draining              Necromancy                   3
   d - Regeneration                   Charms/Necromancy            3
   e - Animate Dead                   Necromancy                   4
   f - Control Undead                 Necromancy                   4
Comestibles
 a - 2 bread rations
 b - 11 royal jellies
 I - 4 chunks of flesh
 J - 3 meat rations


   Skills:
 + Level 8.1(13.1) Fighting
 + Level 4.0(9.0) Staves
 + Level 7.9(12.9) Armour
 + Level 6.1(11.1) Dodging
 - Level 2.1(7.1) Stealth
 + Level 7.2 Spellcasting
 + Level 7.6 Conjurations
 - Level 2.1 Transmutations
 + Level 9.6 Earth Magic


You had 6 spell levels left.
You knew the following spells:

 Your Spells              Type           Power        Failure   Level  Hunger
a - Sandblast             Erth           ####..       1%          1    None
b - Stone Arrow           Conj/Erth      ####..       1%          3    ##.....
c - Stoneskin             Trmt/Erth      ###.....     1%          2    None
d - Passwall              Trmt/Erth      ###.......   4%          3    ##.....
e - Petrify               Trmt/Erth      ###.....     14%         4    ####...
f - Lee's Rapid Deconstr  Erth           ####......   12%         5    #####..


Dungeon Overview and Level Annotations

Branches:
Dungeon (9/15)             Temple (1/1) D:7            Lair (3/8) D:9
  Swamp: Lair:3-6    Shoals: Lair:3-6     Snake: Lair:3-6    Spider: Lair:3-6
    Orc: D:9-12

Altars:
Ashenzari
Cheibriados
Dithmenos
Elyvilon
Fedhas
Gozag
Kikubaaqudgha
Makhleb
Nemelex Xobeh
Okawaru
Qazlal
Ru
Sif Muna
Trog
Vehumet
Xom
Yredelemnul
Zin
The Shining One

Annotations:
Lair:3 Erica


Innate Abilities, Weirdness & Mutations

You are resistant to torment.
You are immune to poison.
Your stone body is very resilient (AC +7).
You resist negative energy.
You are resistant to electric shocks.
You can survive without breathing.
You are immune to petrification.
You are immune to rotting.


Message History

You fail to use your ability.
The yak closely misses you. The crocodile bites you.
* * * LOW HITPOINT WARNING * * *
The yak misses you.
You thump the yak!
The yak is moderately wounded.
The yak barely misses you.
The crocodile bites you but does no damage.
You hit the yak.
The yak is heavily wounded.
The yak misses you.
You closely miss the yak.
The yak is heavily wounded.
The yak gores you!
* * * LOW HITPOINT WARNING * * *
The crocodile bites you but does no damage.
You hit the yak.
The yak is severely wounded.
The yak gores you!
You die...

. ... ##..# ##
P.... #.P. .....
..>. #..# # #...
####..# #..#..#
#.#...#
#.#..>.######.#@.#
#)............tYY#
....P#(..P.P.#....#
.#.........#.#..###
...PP....P......#.#
@................##
..##..#.#P....P.##
. #.#.....#....P#
#.##.............#


You could see 2 yaks and a crocodile.

Vanquished Creatures
  Erolcha (D:9)
  Joseph (D:8)
  Psyche (D:8)
  A spiny frog (Lair:1)
  2 komodo dragons (Lair:2)
  A queen bee (D:9)
  A troll (D:9)
  Grinder (D:5)
  Prince Ribbit (D:8)
  5 blink frogs
  3 yaks (D:9)
  Grum (D:8)
  A hungry ghost (D:7)
  3 hippogriffs
  4 wolves (D:8)
  3 porcupines
  4 ice beasts
  2 water moccasins
  A black bear (D:3)
  A necrophage (D:5)
  3 centaurs
  An eye of draining (D:9)
  A wasp (D:7)
  4 boring beetles (D:9)
  6 crocodiles
  3 ogres
  Sigmund (D:2)
  An elf zombie (Ossuary)
  4 big kobolds
  Blork the orc (D:7)
  A wyvern zombie (D:7)
  6 giant frogs
  A wyvern skeleton (D:5)
  3 scorpions
  5 wights (D:9)
  19 killer bees (D:9)
  5 hounds
  3 jellies
  4 crimson imps
  2 centaur zombies (Ossuary)
  2 goliath beetles
  3 electric eels (D:9)
  A human zombie (Ossuary)
  13 orc wizards
  7 orc priests
  A worker ant (D:8)
  6 iguanas
  3 hound zombies
  Terence (D:1)
  A hound skeleton (D:4)
  2 mummies (Ossuary)
  A gnoll (D:5)
  2 worker ant zombies
  2 river rats (D:6)
  24 adders
  3 shadow imps
  3 giant mites (D:6)
  7 worms
  3 adder skeletons
  An adder zombie (D:7)
  4 giant geckos
  2 oozes
  44 orcs
  A bat skeleton (D:5)
  A bat zombie (D:6)
  5 giant cockroaches
  10 goblins
  18 hobgoblins
  9 jackals
  5 quokkas
  27 bats
  A giant gecko skeleton (D:6)
  A giant gecko zombie (D:5)
  7 giant newts
  A giant spore (D:9)
  2 goblin zombies (Ossuary)
  13 hobgoblin zombies (Ossuary)
  2 jackal zombies (Ossuary)
  37 kobolds
  8 kobold zombies (Ossuary)
  7 orc zombies (Ossuary)
  A quokka zombie (D:5)
  21 rats
  A rat zombie (Ossuary)
  A ballistomycete (D:9)
427 creatures vanquished.

Notes
Turn   | Place    | Note
--------------------------------------------------------------
     0 | D:1      | bwiles81, the Gargoyle Earth Elementalist, began the quest for the Orb.
     0 | D:1      | Reached XP level 1. HP: 10/10 MP: 3/3
     6 | D:1      | Noticed a fire drake
     6 | D:1      | Noticed a hog
     6 | D:1      | Noticed an anaconda
   178 | D:1      | Reached XP level 2. HP: 16/16 MP: 1/4
   424 | D:1      | Reached skill level 1 in Armour
   424 | D:1      | Reached XP level 3. HP: 12/20 MP: 0/6
   917 | D:2      | Reached skill level 1 in Fighting
   928 | D:2      | Reached skill level 4 in Earth Magic
   955 | D:2      | Reached XP level 4. HP: 10/25 MP: 0/8
  1343 | D:2      | Learned a level 3 spell: Stone Arrow
  1538 | D:2      | Noticed Terence
  1546 | D:2      | Noticed Sigmund
  1705 | D:1      | Killed Terence
  1705 | D:1      | Reached skill level 1 in Conjurations
  1705 | D:1      | Reached XP level 5. HP: 20/30 MP: 0/9
  1716 | D:1      | Learned a level 2 spell: Stoneskin
  2125 | D:2      | Killed Sigmund
  2125 | D:2      | Reached skill level 1 in Transmutations
  2536 | D:2      | Reached XP level 6. HP: 17/35 MP: 2/12
  3020 | D:3      | Learned a level 3 spell: Passwall
  5138 | D:4      | Found a sand-covered staircase.
  5147 | Ossuary  | Entered an ossuary
  5703 | Ossuary  | Reached XP level 7. HP: 30/40 MP: 3/15
  7284 | D:3      | Reached skill level 5 in Earth Magic
  7941 | D:4      | Reached XP level 8. HP: 46/46 MP: 7/17
  8831 | D:5      | Entered Level 5 of the Dungeon
  9170 | D:5      | Found a stormy altar of Qazlal.
  9494 | D:5      | Noticed Grinder
  9580 | D:5      | Killed Grinder
 10192 | D:5      | Reached skill level 6 in Earth Magic
 10368 | D:5      | Found a white marble altar of Elyvilon.
 10572 | D:6      | Reached XP level 9. HP: 53/53 MP: 17/20
 10889 | D:6      | Reached skill level 5 in Fighting
 11115 | D:6      | Found a glowing drain.
 11125 | Sewer    | Entered a sewer
 11577 | D:6      | Reached skill level 5 in Armour
 12161 | D:7      | Found a staircase to the Ecumenical Temple.
 12170 | D:7      | Reached skill level 5 in Spellcasting
 12181 | Temple   | Entered the Ecumenical Temple
 12222 | Temple   | Became a worshipper of Warmaster Okawaru
 12281 | D:7      | Noticed Blork the orc
 12285 | D:7      | Killed Blork the orc
 12290 | D:7      | Reached skill level 5 in Conjurations
 12388 | D:7      | Reached skill level 7 in Earth Magic
 12625 | D:7      | Learned a level 4 spell: Petrify
 12631 | D:7      | Learned a level 5 spell: Lee's Rapid Deconstruction
 13378 | D:7      | Acquired Okawaru's first power
 13573 | D:8      | Reached XP level 10. HP: 55/60 MP: 17/22
 13586 | D:8      | Noticed Prince Ribbit
 13720 | D:8      | Noticed Grum
 13732 | D:8      | Killed Grum
 13837 | D:8      | Reached skill level 5 in Dodging
 13959 | D:8      | Noticed Psyche
 13965 | D:8      | Killed Psyche
 13965 | D:8      | Reached skill level 8 in Earth Magic
 14178 | D:8      | Killed Prince Ribbit
 14315 | D:8      | Noticed Joseph
 14326 | D:8      | Killed Joseph
 14798 | D:9      | Noticed Erolcha
 14799 | D:9      | Paralysed by Erolcha for 3 turns
 14812 | D:9      | Killed Erolcha
 14812 | D:9      | Reached skill level 1 in Staves
 15282 | D:9      | Reached XP level 11. HP: 53/67 MP: 25/25
 16054 | D:9      | Reached skill level 9 in Earth Magic
 16614 | D:9      | Acquired Okawaru's second power
 16934 | D:9      | Found a staircase to the Lair.
 17459 | Lair:1   | Entered Level 1 of the Lair of Beasts
 17837 | Lair:1   | Received a gift from Okawaru
 17840 | Lair:1   | Got a steaming quarterstaff {god gift}
 17841 | Lair:1   | Identified the +5 quarterstaff "Zoaw" {drain, rPois Dex+3} (Okawaru gifted it to you on level 1 of the Lair of Beasts)
 19656 | Lair:3   | Noticed Erica
 19721 | Lair:3   | Slain by a yak

Action                   |  1- 3 |  4- 6 |  7- 9 | 10-12 || total
-------------------------+-------+-------+-------+-------++-------
Melee: Unarmed           |    12 |     6 |    69 |       ||    87
       Quarterstaff      |       |       |       |   498 ||   498
 Cast: Sandblast         |    46 |   219 |   286 |    79 ||   630
       Stone Arrow       |       |    42 |   112 |    92 ||   246
       Petrify           |       |       |     1 |       ||     1
Invok: Heroism           |       |       |       |     7 ||     7
Evoke: Wand              |       |       |       |     4 ||     4
  Use: Scroll            |     5 |     8 |     7 |    15 ||    35
       Potion            |       |     1 |     1 |     5 ||     7
 Stab: Sleeping          |       |       |       |     2 ||     2
  Eat: Chunk             |       |    11 |    20 |    10 ||    41
       Bread ration      |       |     2 |     3 |       ||     5
       Fruit             |       |     4 |     2 |       ||     6
       Royal jelly       |       |       |     1 |     2 ||     3
       Pizza             |       |       |       |     2 ||     2
       Meat ration       |       |       |       |     1 ||     1
